 Dungeon Crawl Stone Soup version 0.31.0-12-g77e489cdc1 (webtiles) character file.

Game seed: 10198072657102915487

12159 gohu the Thaumaturge (level 12, -1/91 HPs)
             Began as a Djinni Fire Elementalist on Mar 6, 2024.
             Was a Believer of Makhleb.
             Slain by Snorg (13 damage)
             ... on level 11 of the Dungeon.
             The game lasted 00:44:18 (11978 turns).

gohu the Thaumaturge (Djinni Fire Elementalist)    Turns: 11978, Time: 00:44:18

Health: -1/91      AC: 13    Str:  7    XL:     12   Next: 16%
Gold:   345        EV: 13    Int: 35    God:    Makhleb [**....] SH:  0 Dex: 17

rFire   + + +        i - staff of fire
rCold   . . .        (no shield)
rNeg    . . .        N - +1 leather armour "Nim Ogiop" {rElec rPois rC+ Dex+4 Stlth-}
rPois   ∞            (no helmet)
rElec   +            (no cloak)
rCorr   +            (no gloves)
SInv    .            (boots unavailable)
Will    +....        (no amulet)
Stlth   +            G - ring "Moynli" {rPois rCorr Int+6}
HPRegen 0.35/turn    t - +6 ring of intelligence
MPRegen 0.00/turn

%: infuse magic (-2 HP)
@: ice-armoured, flying
A: sickness immunity, fire resistance 2, cold vulnerability 1, float, innate
caster, HP casting, extra vitality 1
a: Renounce Religion, Minor Destruction


You were on level 11 of the Dungeon.
You worshipped Makhleb.
Makhleb was pleased with you.
You visited 2 branches of the dungeon, and saw 12 of its levels.

You collected 604 gold pieces.
You spent 259 gold pieces at shops.

Inventory:

Hand Weapons
 b - a +0 dagger of venom
 f - a +4 dagger
Missiles
 c - 24 poisoned darts
 q - 5 boomerangs
Armour
 a - a +0 robe
 p - a +2 robe of willpower
 N - the +1 leather armour "Nim Ogiop" (worn) {rElec rPois rC+ Dex+4 Stlth-}
   (You found it on level 10 of the Dungeon)

   Dex+4:     It affects your dexterity (+4).
   rC+:       It protects you from cold.
   rElec:     It insulates you from electricity.
   rPois:     It protects you from poison Stlth-: It makes you less stealthy.
Magical Staves
 i - a staff of fire (weapon)
Jewellery
 r - a +5 ring of evasion
 t - a +6 ring of intelligence (right hand)
 G - the ring "Moynli" (left hand) {rPois rCorr Int+6}
   (You found it on level 7 of the Dungeon)

   [ring of intelligence]

   Int+6:     It affects your intelligence (+6).
   rPois:     It protects you from poison rCorr: It protects you from acid and
   corrosion.
 K - the ring "Unuck" {Wiz *Corrode +Blink rC+++ Dex+2}
   (You found it on level 9 of the Dungeon)

   [ring of wizardry]

   Wiz:       It improves your spell success rate.
   Dex+2:     It affects your dexterity (+2).
   rC+++:     It renders you almost immune to cold.
   +Blink:    It lets you blink.
   *Corrode:  It may corrode you when you take damage.
Wands
 e - a wand of mindburst (31)
 m - a wand of flame (24)
 B - a wand of paralysis (9)
 L - a wand of iceblast (9)
Scrolls
 h - 8 scrolls of teleportation
 k - 3 scrolls of vulnerability {unknown}
 n - 3 scrolls of noise {unknown}
 u - a scroll of enchant weapon
 v - a scroll of fog {unknown}
 x - a scroll of brand weapon {unknown}
 y - 2 scrolls of poison {unknown}
 E - 3 scrolls of blinking
 I - a scroll of immolation {unknown}
 J - a scroll of fear {unknown}
Potions
 d - 3 potions of heal wounds
 g - 3 potions of lignification
 j - 2 potions of cancellation
 l - 3 potions of might
 o - 3 potions of brilliance
 s - a potion of attraction
 w - a potion of berserk rage
 z - 2 potions of curing
 A - a potion of haste
 C - a potion of invisibility
 D - a potion of magic
 F - a potion of ambrosia {unknown}
 H - a potion of resistance
 M - a potion of mutation
 O - a potion of degeneration {unknown}


   Skills:
 + Level 10.2 Fighting
 - Level 3.6 Armour
 - Level 4.7 Dodging
 - Level 1.5 Stealth
 * Level 11.2 Spellcasting
 * Level 11.2 Conjurations
 * Level 11.2 Hexes
   Level 0.0 Charms
 * Level 11.2 Summonings
 * Level 11.2 Necromancy
 * Level 11.2 Translocations
   Level 0.0 Transmutations
 * Level 11.2 Fire Magic
 * Level 11.2 Ice Magic
 * Level 11.2 Air Magic
 * Level 11.2 Earth Magic
 * Level 11.2 Alchemy
 + Level 5.1 Invocations


You knew the following spells:

 Your Spells              Type           Power      Damage    Failure   Level
a - Foxfire               Conj/Fire      100%       2x1d9     1%          1
b - Flame Wave            Conj/Fire      98%        2d20      1%          4
c - Ozocubu's Armour      Ice            78%        N/A       1%          3
d - Volatile Blastmotes   Fire/Tloc      100%       2d18      1%          3
e - Scorch                Fire           100%       2d9       1%          2
f - Slow                  Hex            100%       N/A       1%          1
g - Ensorcelled Hibernat  Hex/Ice        100%       N/A       1%          2
h - Inner Flame           Hex/Fire       98%        N/A       1%          3
i - Fulminant Prism       Conj/Alch      39%        3d17      1%          4
j - Curse of Agony        Necr           78%        N/A       1%          5
Your spell library was empty.

Dungeon Overview and Level Annotations

Branches:
Dungeon (11/15)            Temple (1/1) D:7            Lair (0/5) D:8
    Orc: D:9-12

Altars:
Ashenzari
Cheibriados
Dithmenos
Elyvilon
Fedhas
Gozag
Hepliaklqana
Makhleb
Nemelex Xobeh
Okawaru
Qazlal
Ru
Trog
Uskayaw
Wu Jian
Xom
Yredelemnul
Zin
The Shining One

Shops:
D:2 **??   D:3 *(   D:10 *

Annotations:
D:5 2 transporters
D:9 2 transporters, Domino's ghost, novice HOFi
D:11 Snorg


Innate Abilities, Weirdness & Mutations

You are immune to sickness and miasma.
You are immune to poison.
Your flesh is very heat resistant. (rF++)
You are vulnerable to cold. (rC-)
You float through the air rather than walking.
You learn spells naturally, not from books.
Your magical power is your life essence.
You have superior vitality. (+4 MHP)


Message History

Casting: Flame Wave (safe; 1% risk of failure)
Press: ? - help, Dir - look around, f - activate You feel a surge of power!
A wave of flame ripples out! (Press . to intensify the flame waves.)
A wave of flame ripples out!
The flame wave engulfs Snorg!!
Snorg is heavily wounded.
The flame wave engulfs the shadow!
You destroy the shadow!
Makhleb accepts your kill.
You feel better. Snorg bites you. Snorg claws you but does no damage. x2
Snorg closely misses you. Snorg claws you. Snorg misses you.
A wave of flame ripples out!
The flame wave engulfs Snorg!!
Snorg is severely wounded.
You finish channelling waves of flame.
Snorg bites you! Snorg claws you but does no damage. x2
Casting: Flame Wave (safe; 1% risk of failure)
Confirm with . or Enter, or press ? or * to list all spells.
Casting: Flame Wave (safe; 1% risk of failure)
Press: ? - help, Dir - look around, f - activate You feel a surge of power!
A wave of flame ripples out!
The flame wave engulfs Snorg!
Snorg is severely wounded. (Press . to intensify the flame waves.) Snorg misses you.
Snorg claws you! Snorg closely misses you. Snorg completely misses you.
Snorg barely misses you. Snorg misses you.
A wave of flame ripples out!
The flame wave engulfs Snorg!!
Snorg is almost dead.
Snorg misses you. Snorg claws you. Snorg closely misses you.
Your magical contamination has completely faded away.
A wave of flame ripples out!
The flame wave engulfs Snorg.
Snorg is almost dead.
You finish channelling waves of flame.
Snorg bites you but does no damage. Snorg barely misses you. Snorg claws you!
* * * LOW HITPOINT WARNING * * *
Snorg closely misses you. Snorg claws you!
* * * LOW HITPOINT WARNING * * *
Snorg claws you!
* * * LOW HITPOINT WARNING * * *
You feel better. Snorg barely misses you. Snorg claws you!
You die...

.................#.....#
##+#################'###
..............#
..........)...#
..............#
..............#
..............#
..............#
.......@......#
##+####T####### ../.
.=..... ..........
..........< ............
.............


You could see Snorg (berserk).

Vanquished Creatures
  2 two-headed ogres
  Pikel (D:9)
  Joseph (D:9)
  A gargoyle (D:11)
  Maggie (D:9)
  An unseen horror (D:10)
  A troll (D:7)
  A wraith (D:11)
  Sigmund (D:3)
  3 shadows
  21 yaks
  A vampire (D:7)
  4 wyverns
  3 steam dragons
  Edmund (D:5)
  Menkaure (D:7)
  A basilisk (D:8)
  An acid dragon (D:9)
  7 water moccasins
  2 black bears
  An orc warrior (D:6)
  2 ogres
  4 centaurs
  3 lemures (D:9)
  A kobold brigand (D:10)
  2 bullfrogs
  Blork the orc (D:5)
  19 wights
  5 scorpions
  A howler monkey (D:8)
  2 bombardier beetles
  2 jellies
  7 orc priests
  4 hounds
  An iguana (D:6)
  Terence (D:3)
  A sleepcap (D:7)
  5 orc wizards
  3 adders
  A white imp (D:7)
  A dart slug (D:3)
  3 ribbon worms
  18 orcs
  13 ball pythons
  10 endoplasms
  4 giant cockroaches
  13 goblins
  10 hobgoblins
  3 jackals (D:1)
  14 kobolds
  4 quokkas
  6 bats
  3 frilled lizards
  8 rats
231 creatures vanquished.

Vanquished Creatures (collateral kills)
  19 foxfires (D:1)
19 creatures vanquished.

Vanquished Creatures (others)
  770 foxfires
770 creatures vanquished.

Grand Total: 1020 creatures vanquished

Notes
Turn   | Place    | Note
-------+----------+-------------------------------------------
     0 | D:1      | gohu the Djinni Fire Elementalist began the quest for the
                  | Orb.
     0 | D:1      | gohu set off with the following spells memorised: Foxfire,
                  | Scorch, Volatile Blastmotes, Inner Flame, Flame Wave.
     0 | D:1      | Reached XP level 1. HP: 15/15 MP: 0/0
    90 | D:1      | Reached XP level 2. HP: 20/21 MP: 0/0
   282 | D:1      | Reached XP level 3. HP: 23/25 MP: 0/0
   282 | D:1      | Learned a level 1 spell: Slow
   591 | D:1      | Found a faded altar of an unknown god.
   735 | D:2      | Found Ralokiwo's Magic Scroll Shoppe.
   738 | D:2      | Bought a scroll of identify for 22 gold pieces
   738 | D:2      | Bought a scroll of identify for 22 gold pieces
   748 | D:2      | Found Ulewk's Magic Scroll Emporium.
   917 | D:2      | Reached XP level 4. HP: 29/31 MP: 0/0
   936 | D:2      | Found Guxzoz's Assorted Antiques.
   962 | D:2      | Bought a scroll labelled KYALAE LOKHLE for 19 gold pieces
  1200 | D:2      | Found Yqotsuqog's Antique Weapon Shop.
  1300 | D:2      | Found Milupseng's General Store.
  1505 | D:3      | Noticed a scorpion
  1506 | D:3      | Reached XP level 5. HP: 33/35 MP: 0/0
  1506 | D:3      | Learned a level 2 spell: Ensorcelled Hibernation
  1508 | D:3      | Reached skill level 5 in Spellcasting
  1508 | D:3      | Reached skill level 5 in Conjurations
  1508 | D:3      | Reached skill level 5 in Hexes
  1508 | D:3      | Reached skill level 5 in Summonings
  1508 | D:3      | Reached skill level 5 in Necromancy
  1508 | D:3      | Reached skill level 5 in Translocations
  1508 | D:3      | Reached skill level 5 in Fire Magic
  1508 | D:3      | Reached skill level 5 in Ice Magic
  1508 | D:3      | Reached skill level 5 in Air Magic
  1508 | D:3      | Reached skill level 5 in Earth Magic
  1508 | D:3      | Reached skill level 5 in Alchemy
  1641 | D:3      | Noticed Terence
  1665 | D:3      | Killed Terence
  1678 | D:3      | Reached XP level 6. HP: 40/40 MP: 0/0
  1884 | D:3      | Noticed Sigmund
  2024 | D:2      | Bought a puce potion for 17 gold pieces
  2024 | D:2      | Bought a lumpy grey potion for 17 gold pieces
  2121 | D:3      | Found Zecemep's General Store.
  2299 | D:3      | Killed Sigmund
  2320 | D:3      | Found Caeqac Obi's Antique Weapon Shop.
  2387 | D:4      | Reached XP level 7. HP: 39/45 MP: 0/0
  2387 | D:4      | Learned a level 3 spell: Ozocubu's Armour
  2676 | D:4      | Found a sacrificial altar of Ru.
  2780 | D:4      | Noticed a water moccasin
  2789 | D:4      | Killed a water moccasin
  3033 | D:5      | Entered Level 5 of the Dungeon
  3087 | D:5      | Noticed Edmund
  3108 | D:5      | Killed Edmund
  3109 | D:5      | Reached XP level 8. HP: 17/50 MP: 0/0
  3283 | D:5      | Reached skill level 1 in Fighting
  3406 | D:5      | Found a transporter.
  3406 | D:5      | Noticed a wraith
  3413 | D:5      | Found a snail-covered altar of Cheibriados.
  3414 | D:5      | Found a blossoming altar of Fedhas.
  3415 | D:5      | Found a hide-covered altar of Uskayaw.
  3415 | D:5      | Noticed a yak
  3417 | D:5      | Noticed a shadow
  3772 | D:5      | Noticed Blork the orc
  3779 | D:5      | Killed Blork the orc
  3905 | D:5      | Found a transporter.
  4380 | D:5      | Reached XP level 9. HP: 5/63 MP: 0/0
  4380 | D:5      | Learned a level 4 spell: Fulminant Prism
  4926 | D:6      | Reached skill level 5 in Fighting
  5764 | D:7      | Found a staircase to the Ecumenical Temple.
  5773 | Temple   | Entered the Ecumenical Temple
  5779 | Temple   | Became a worshipper of Makhleb the Destroyer
  5974 | D:2      | Bought a scroll of teleportation for 39 gold pieces
  5974 | D:2      | Bought a scroll of blinking for 97 gold pieces
  5974 | D:2      | Bought a scroll of identify for 26 gold pieces
  6324 | D:7      | Found an opulent altar of Gozag.
  6453 | D:7      | Noticed Menkaure
  6462 | D:7      | Killed Menkaure
  6463 | D:7      | Reached skill level 1 in Armour
  6835 | D:7      | Noticed a troll
  6854 | D:7      | Killed a troll
  6855 | D:7      | Reached skill level 1 in Invocations
  6861 | D:7      | Reached XP level 10. HP: 13/75 MP: 0/0
  7072 | D:7      | Identified the ring "Moynli" {rPois rCorr Int+6}
  7989 | D:8      | Found a staircase to the Lair.
  8445 | D:8      | Found a glowing golden altar of the Shining One.
  8655 | D:8      | Noticed a two-headed ogre
  8665 | D:8      | Killed a two-headed ogre
  8666 | D:8      | Reached XP level 11. HP: 73/82 MP: 0/0
  8666 | D:8      | Learned a level 5 spell: Curse of Agony
  9007 | D:8      | Reached * piety under Makhleb
  9482 | D:9      | Identified the ring "Unuck" {Wiz *Corrode +Blink rC+++
                  | Dex+2}
  9482 | D:9      | Noticed a skeletal warrior
  9499 | D:9      | Noticed a two-headed ogre
  9520 | D:9      | Killed a two-headed ogre
  9521 | D:9      | Noticed Joseph
  9527 | D:9      | Noticed Maggie
  9530 | D:9      | Killed Joseph
  9531 | D:9      | Reached skill level 10 in Spellcasting
  9531 | D:9      | Reached skill level 10 in Conjurations
  9531 | D:9      | Reached skill level 10 in Hexes
  9531 | D:9      | Reached skill level 10 in Summonings
  9531 | D:9      | Reached skill level 10 in Necromancy
  9531 | D:9      | Reached skill level 10 in Translocations
  9531 | D:9      | Reached skill level 10 in Fire Magic
  9531 | D:9      | Reached skill level 10 in Ice Magic
  9531 | D:9      | Reached skill level 10 in Air Magic
  9531 | D:9      | Reached skill level 10 in Earth Magic
  9531 | D:9      | Reached skill level 10 in Alchemy
  9536 | D:9      | HP: 3/84 [Maggie/+0 war axe (11)]
  9537 | D:9      | Killed Maggie
  9772 | D:9      | Found a transporter.
  9786 | D:9      | Noticed Domino's ghost (novice HOFi)
  9791 | D:9      | Found a transporter.
  9813 | D:9      | Noticed Pikel
  9824 | D:9      | Killed Pikel
 10267 | D:10     | Entered Level 10 of the Dungeon
 10622 | D:10     | Found Maarchok's General Store.
 10709 | D:10     | Reached ** piety under Makhleb
 10956 | D:10     | Identified the +1 leather armour "Nim Ogiop" {rElec rPois
                  | rC+ Dex+4 Stlth-}
 11090 | D:10     | Reached skill level 10 in Fighting
 11108 | D:10     | Reached XP level 12. HP: 73/91 MP: 0/0
 11904 | D:11     | Identified the +5 scale mail of Morality {rF+ Str+3}
 11965 | D:11     | Noticed Snorg
 11971 | D:11     | Reached skill level 5 in Invocations
 11977 | D:11     | HP: 3/91 [Snorg (8)]
 11978 | D:11     | Slain by Snorg

Illustrated notes

Levels and vault maps discovered:
D:1:      onia_arrival_mini_spirals, layout_basic, basic_ecumenical_altar,
          minmay_hedge_maze
D:2:      layout_basic, serial_shops, shop, shop, shop, shop, shop_fountains,
          hangedman_decor_clover_reticule, st_stairs_4
D:3:      wander_river, layout_basic, serial_shops, shop, nicolae_shop_stone,
          uniq_terence, uniq_sigmund
D:4:      layout_cave_pools, mainiacjoe_overflow_brackets, chequers_mini_garden
D:5:      layout_basic, gammafunk_temple_overflow_arena, uniq_edmund,
          uniq_blork_the_orc
D:6:      layout_cave_pods
D:7:      minmay_blocky_corners, layout_loops_corners, grunt_gozag_statues,
          minmay_temple_entry_purple_smoke, uniq_menkaure
D:8:      layout_basic, marbit_many_paths, minmay_lair_entry_grove
D:9:      layout_rooms, gammafunk_ghost_arena, uniq_pikel, uniq_joseph,
          uniq_maggie
D:10:     layout_grid_maze, serial_shops, shop
D:11:     layout_grid_maze, uniq_snorg
Temple:   eino_temple_rhombus

Skill      XL: |  1  2  3  4  5  6  7  8  9 10 11 12 |
---------------+-------------------------------------+-----
Spellcasting   | 4 5 6 7 8 9 11 | 11.2
Conjurations   | 4 5 6 7 8 9 11 | 11.2
Hexes          | 4 5 6 7 8 9 11 | 11.2
Summonings     | 4 5 6 7 8 9 11 | 11.2
Necromancy     | 4 5 6 7 8 9 11 | 11.2
Translocations | 4 5 6 7 8 9 11 | 11.2
Fire Magic     | 4 5 6 7 8 9 11 | 11.2
Ice Magic      | 4 5 6 7 8 9 11 | 11.2
Air Magic      | 4 5 6 7 8 9 11 | 11.2
Earth Magic    | 4 5 6 7 8 9 11 | 11.2
Alchemy        | 4 5 6 7 8 9 11 | 11.2
Fighting       | 4 7 8 10 | 10.2
Armour         | 2 3 |  3.6
Dodging        | 3 4 |  4.7
Invocations    | 1 4 5 |  5.1
Stealth        | |  1.5

Action                     |  1- 3 |  4- 6 |  7- 9 | 10-12 || total
---------------------------+-------+-------+-------+-------++-------
   Cast: Foxfire           |    71 |    73 |   163 |   130 ||   437
         Inner Flame       |       |     2 |     1 |     3 ||     6
         Ozocubu's Armour  |       |       |    17 |     9 ||    26
         Flame Wave        |       |       |    17 |    30 ||    47
         Volatile Blastmot |       |       |     8 |    26 ||    34
         Slow              |       |       |     2 |       ||     2
    Use: Scroll            |       |       |    10 |     3 ||    13
         Potion            |       |       |       |     3 ||     3
 Armour: Robe              |     6 |     5 |    82 |   112 ||   205
         Leather armour    |       |       |       |    29 ||    29
  Dodge: Dodged            |     2 |     2 |   140 |   106 ||   250
